 Dungeon Sprint DCSS version 0.30-a0-772-g5528072125 (webtiles) character file.

Game seed: 16624925144729065168

227 rocky1 the Zephyrmancer (level 6, -6/32 HPs)
             Began as a Tengu Air Elementalist on Feb 13, 2023.
             Was an Initiate of Gozag.
             Mangled by an orc warrior
             ... wielding a +0 glaive
              (12 damage)
             ... in the Dungeon (Sprint IX: "|||||||||||||||||||||||||||||").
             The game lasted 00:02:25 (560 turns).

rocky1 the Zephyrmancer (Tengu Air Elementalist)     Turns: 560, Time: 00:02:25

Health: -6/32      AC:  3    Str: 15    XL:     6   Next: 2%
Magic:  8/17       EV: 14    Int: 17    God:    Gozag
Gold:   0          SH:  0    Dex: 14    Spells: 17/20 levels left

rFire   . . .      SeeInvis .    (no weapon)
rCold   . . .      Faith    .    (no shield)
rNeg    . . .      Spirit   .    a - +0 robe
rPois   .          Reflect  .    (helmet restricted)
rElec   .          Harm     .    o - +0 cloak
rCorr   .          Rampage  .    (no gloves)
Will    .....      NoTele   +    (boots unavailable)
Stlth   ++                       (no amulet)
HPRegen 0.25/turn                l - +3 ring of strength
MPRegen 0.15/turn                m - +3 ring of strength

@: flying quickly and evasively, quick
A: beak, talons 3, nimble flight
a: Renounce Religion, Potion Petition, Call Merchant, Bribe Branch


You were in the Dungeon.
You worshipped Gozag.
Gozag was noncommittal.
You visited 1 branch

Inventory:

Hand Weapons
 j - a +2 rapier of draining
 k - a +2 scimitar of holy wrath
Armour
 a - a +0 robe (worn)
 o - a +0 cloak (worn)
Jewellery
 l - a +3 ring of strength (left hand)
 m - a +3 ring of strength (right hand)
Wands
 i - a wand of light (10)
Scrolls
 g - 2 scrolls of amnesia
Potions
 b - 5 potions of magic
 c - 5 potions of curing
 d - 2 potions of heal wounds
 e - a potion of haste
 f - a potion of invisibility


   Skills:
 + Level 0.0 Fighting
 - Level 2.1 Dodging
 - Level 2.0 Stealth
 * Level 7.9 Spellcasting
 + Level 7.8 Conjurations
 + Level 8.7 Air Magic


You had 17 spell levels left.
You knew the following spells:

 Your Spells              Type           Power      Damage    Failure   Level
a - Shock                 Conj/Air       100%       1d9       1%          1
b - Static Discharge      Conj/Air       70%        2-5/arc   1%          2

Your spell library contained the following spells:

 Spells                   Type           Power      Damage    Failure   Level
 Swiftness                Air            36%        N/A       1%          3
 Airstrike                Air            18%        2d(3-19)  2%          4


Dungeon Overview and Level Annotations

Branches:
Dungeon (1/1)

Altars:
Cheibriados
Dithmenos
Elyvilon
Fedhas
Gozag
Hepliaklqana
Kikubaaqudgha
Makhleb
Nemelex Xobeh
Okawaru
Qazlal
Ru
Sif Muna
Trog
Uskayaw
Vehumet
Wu Jian
Xom
Yredelemnul
Zin
The Shining One
Jiyva
Lugonu


Innate Abilities, Weirdness & Mutations

You have a beak for a mouth.
You have claws for feet.
Your magical nature lets you fly swiftly and evasively.


Message History

The zap hits the two-headed ogre.
The two-headed ogre is heavily wounded.
The zap hits the howler monkey.
The howler monkey is moderately wounded.
The zap hits the yak!
The yak is heavily wounded.
The zap hits the killer bee!
The killer bee is heavily wounded.
The orc warrior barely misses you.
Aiming: Shock (safe; 1% risk of failure)
Press: ? - help, Q - select action, (/) - cycle Shift-Dir - straight line, f/p - orc warrior
Aim: an orc warrior, wielding a +0 glaive and wearing a +0 plate armour (moderately wounded, 74% to hit)
The zap hits the orc warrior.
The orc warrior is heavily wounded.
The zap hits the two-headed ogre.
The two-headed ogre is severely wounded.
The zap hits the two-headed ogre.
The two-headed ogre is heavily wounded.
The zap hits the howler monkey!
The howler monkey is severely wounded.
The zap hits the yak!
The yak is severely wounded.
The zap hits the killer bee.
The killer bee is severely wounded.
The orc warrior hits you from afar with a +0 glaive!
Ouch! That really hurt!
* * * LOW HITPOINT WARNING * * *
Aiming: Shock (safe; 1% risk of failure)
Press: ? - help, Q - select action, (/) - cycle Shift-Dir - straight line, f/p - orc warrior
Aim: an orc warrior, wielding a +0 glaive and wearing a +0 plate armour (heavily wounded, 74% to hit)
The zap hits the orc warrior.
The orc warrior is severely wounded.
The zap misses the two-headed ogre.
The zap hits the two-headed ogre.
The two-headed ogre is heavily wounded.
The zap misses the howler monkey.
The zap hits the yak!
The yak is almost dead.
The zap misses the killer bee.
The orc warrior hits you from afar with a +0 glaive!
You die...
Your body crumbles into a pile of gold.

$ $
▓'▓
▓y▓
$
▓Y▓
▓h▓
$
▓O▓
▓O▓
$
▓o▓
$
▓)▓
$
▓@▓
$
▓.▓
$
▓'▓
▓_▓
$
▓_▓
$
▓_▓
$
▓_▓
$
▓_▓
$
▓_▓


You could see 2 two-headed ogres, a yak, an orc warrior, a howler monkey and a
killer bee.

Vanquished Creatures
  3 scorpions (D)
  2 iguanas (D)
  A hobgoblin (D)
  A ball python (D)
  A kobold (D)
  2 rats (D)
10 creatures vanquished.

Notes
Turn   | Place    | Note
-------+----------+-------------------------------------------
     0 | D        | rocky1 the Tengu Air Elementalist began the quest for the
                  | Orb.
     0 | D        | Reached XP level 1. HP: 10/10 MP: 4/4
   268 | D        | Noticed an iguana
   268 | D        | Noticed an iguana
   268 | D        | Noticed a scorpion
   268 | D        | Noticed a scorpion
   268 | D        | Noticed a scorpion
   274 | D        | Killed a scorpion
   275 | D        | Reached skill level 5 in Spellcasting
   275 | D        | Reached skill level 5 in Conjurations
   275 | D        | Reached skill level 6 in Air Magic
   275 | D        | Reached XP level 2. HP: 15/15 MP: 2/9
   275 | D        | Reached XP level 3. HP: 19/19 MP: 2/10
   275 | D        | Reached XP level 4. HP: 24/24 MP: 2/12
   276 | D        | Killed a scorpion
   277 | D        | Reached skill level 7 in Air Magic
   277 | D        | Gained mutation: Your magical nature lets you fly swiftly
                  | and evasively. [Tengu growth]
   277 | D        | Reached XP level 5. HP: 28/28 MP: 2/14
   280 | D        | Reached skill level 8 in Air Magic
   288 | D        | Reached XP level 6. HP: 13/32 MP: 3/17
   475 | D        | Found a snail-covered altar of Cheibriados.
   475 | D        | Found a shadowy altar of Dithmenos.
   475 | D        | Found a white marble altar of Elyvilon.
   475 | D        | Found a blossoming altar of Fedhas.
   475 | D        | Found an opulent altar of Gozag.
   476 | D        | Found a hazy altar of Hepliaklqana.
   477 | D        | Found a viscous altar of Jiyva.
   478 | D        | Found an ancient bone altar of Kikubaaqudgha.
   479 | D        | Found a corrupted altar of Lugonu.
   480 | D        | Found a burning altar of Makhleb.
   481 | D        | Found a sparkling altar of Nemelex Xobeh.
   482 | D        | Found an iron altar of Okawaru.
   483 | D        | Found a stormy altar of Qazlal.
   485 | D        | Became a worshipper of Gozag Ym Sagoz the Greedy
   487 | D        | Found a sacrificial altar of Ru.
   488 | D        | Found a shimmering blue altar of Sif Muna.
   489 | D        | Found a bloodstained altar of Trog.
   490 | D        | Found a hide-covered altar of Uskayaw.
   491 | D        | Found a radiant altar of Vehumet.
   492 | D        | Found an ornate altar of the Wu Jian Council.
   493 | D        | Found a shimmering altar of Xom.
   494 | D        | Found a basalt altar of Yredelemnul.
   495 | D        | Found a glowing silver altar of Zin.
   496 | D        | Found a glowing golden altar of the Shining One.
   547 | D        | Learned a level 2 spell: Static Discharge
   548 | D        | Noticed a yak
   548 | D        | Noticed a two-headed ogre
   548 | D        | Noticed a two-headed ogre
   548 | D        | Noticed an orc warrior
   560 | D        | Mangled by an orc warrior

Illustrated notes

Levels and vault maps discovered:
D:        linesprint [early_d, line_temple, items_1, d_10, items_2, lair_1,
          lair_end, items_3, orc_1, orc_end, items_4, d_15, swamp_1, shoals_1,
          snake_1, spider_1, d_20, vaults_1, items_5, swamp_end, shoals_end,
          snake_end, spider_end, vaults_end, d_27, items_6, zot_1, zot_end,
          crypt_end, forest_end, elf_end, slime_end, tomb_end, abyss_end,
          pan_hell_end]

Skill      XL: |  1  2  3  4  5 |
---------------+----------------+-----
Conjurations   | 5 6 7 |  7.8
Spellcasting   | 5 6 7 |  7.9
Air Magic      | 6 7 8 |  8.7
Dodging        | |  2.1
Stealth        | |  2.0

Action                     |  1- 3 |  4- 6 || total
---------------------------+-------+-------++-------
  Melee: Unarmed           |     1 |    12 ||    13
         Peck              |       |     2 ||     2
         Kick              |       |     2 ||     2
   Cast: Shock             |     7 |    10 ||    17
    Use: Scroll            |     1 |     1 ||     2
         Potion            |     1 |     1 ||     2
 Armour: Robe              |     2 |       ||     2
  Dodge: Dodged            |     1 |     3 ||     4

Table legend: (Time is in decaauts)
 A = Elapsed time spent in this place.
 B = Non-inter-level travel time spent in this place.
 C = Inter-level travel time spent in this place.
 D = Time resting spent in this place.
 E = Time spent auto-exploring this place.
 F = Levels seen in this place.
 G = Mean time per level.
                   A        B        C        D        E       F      G
               +--------+--------+--------+--------+--------+-----+--------+
         Total |    560 |    560 |      0 |    442 |      0 |   1 |  560.0 |
       Dungeon |    560 |    560 |      0 |    442 |      0 |   1 |  560.0 |
               +--------+--------+--------+--------+--------+-----+--------+

Top non-repeatable levels by time:
       D: 560 daAuts
